Map: World of Sleepers LE

Players

Mez - Winner!

  • Race: Terran Terran
  • League: Master
  • Spawn Location: 7:00

Walla

  • Race: Terran Terran
  • League: Master
  • Spawn Location: 1:00

VOD

Have the link to the VOD?

Description

Time

  • Played on: Sept. 2, 2019, 8:14 a.m.
  • Length: 2:36
Show
View Real Time Build Order
Export as new Build Order

Mez Terran - Winner!

Build Orders:  

Get SALT Encoding   

  12  0:02  SCV  
  14  0:14  SCV  
  14  0:18  Supply Depot  
  14  0:26  SCV  
  15  0:29  Refinery  
  15  0:40  SCV  
  16  0:45  Barracks  
  16  1:04  Barracks  
  16  1:19  Refinery  
  16  1:20  SCV  
  17  1:34  Reaper  
  18  1:44  Orbital Command  
  18  1:53  Reaper  
  19  2:20  SCV  
Show
View Real Time Build Order
Export as new Build Order

Walla Terran 

Build Orders:  

Get SALT Encoding   

  12  0:00  SCV  
  13  0:12  SCV  
  14  0:19  Supply Depot  
  14  0:42  Barracks  
  14  0:44  Refinery  
  14  1:00  Barracks, SCV  
  14  1:14  SCV, Refinery  
  15  1:29  SCV  
  16  1:48  SCV  
  17  1:55  Reaper  
  17  2:01  Supply Depot, Orbital Command  
  17  2:24  Supply Depot  
Tags
 
Add a new tag
Caveats
  • Supply blocks, unpowered buildings, or Contaminate may cause inaccurate times.
  • Supply counts are checked every 10 seconds.